Ducks vs Islanders

Created - December 17, 2016 at 10:45

Goals
1 2 3 T
Ducks 0 5 0 5
Islanders 2 0 0 2
Shots
1 2 3 T
Ducks 10 15 7 32
Islanders 7 10 7 24

1st period

1. Islanders , Nate Thompson 3 (Mark Fayne, Niklas Hjalmarsson) at 4:18
2. Islanders , Shawn Horcoff 4 (Shane Doan, Tyler Bozak) at 6:26 (PP)

Penalties :
Antoine Roussel (ANA) for High sticking (Minor) at 6:04, Brandon Davidson (NYI) for Holding Stick (Minor) at 18:04

2nd period

3. Ducks , Claude Giroux 12 (Antoine Roussel, Aaron Ekblad) at 1:34
4. Ducks , Brandon Dubinsky 5 (Mark Scheifele, Andrei Markov) at 2:06
5. Ducks , Dwight King 1 (Ryan OReilly, Colton Parayko) at 3:57
6. Ducks , Andrei Markov 2 (Boone Jenner, Dwight King) at 6:20
7. Ducks , Blake Comeau 6 (Eric Nystrom, Mikhail Grigorenko) at 14:02

Penalties :
Willie Mitchell (ANA) for Interference (Minor) at 7:17, Erik Johnson (ANA) for Hooking (Minor) at 10:42, Josh Manson (NYI) for Hooking (Minor) at 16:31, Brandon Dubinsky (ANA) for Holding (Minor) at 16:31

3rd period

No Goal

Penalties :
Willie Mitchell (ANA) for Goalie Interference (Minor) at 4:26, Luca Sbisa (NYI) for Tripping (Minor) at 5:50, Brandon Davidson (NYI) for Hooking (Minor) at 9:29

Goalie Stats

Semyon Varlamov (ANA), 22 saves from 24 shots - (0.917), W, 16-10-4, 60:00 minutes
Braden Holtby (NYI), 15 saves from 20 shots - (0.750), L, 9-14-3, 34:02 minutes
Michael Leighton (NYI), 12 saves from 12 shots - (1.000), 25:58 minutes

Players Stats for Ducks

Player Name              G  A  P  +/- PIM S  H  SB GA TA FO     MP     PP MP  PK MP  
------------------------------------------------------------------------------------
Aaron Ekblad             0  1  1   1  0   3  0  1  0  0  0/0    20:23   2:24   0:38 
Andrei Markov            1  1  2   3  0   2  0  1  0  0  0/0    23:20   2:47   3:00 
Antoine Roussel          0  1  1   1  2   1  1  1  0  0  2/2    18:10   0:00   3:27 
Blake Comeau             1  0  1   2  0   4  4  1  0  0  0/2    19:06   0:00   1:55 
Boone Jenner             0  1  1   1  0   1  4  0  0  0  1/2    16:40   2:15   0:00 
Brandon Dubinsky         1  0  1   1  2   2  1  0  0  0  9/10   15:20   0:00   4:01 
Claude Giroux            1  0  1   1  0   5  0  0  0  0  19/25  19:07   3:07   0:00 
Colton Parayko           0  1  1   0  0   0  1  0  0  0  0/0    18:54   2:35   2:19 
Dwight King              1  1  2   1  0   1  1  0  0  0  0/1    14:25   0:00   0:00 
Eric Nystrom             0  1  1   1  0   1  1  0  0  0  0/1     7:56   0:00   2:05 
Erik Johnson             0  0  0   3  2   1  1  0  0  0  0/0    22:22   2:58   1:52 
Mark Scheifele           0  1  1   1  0   2  0  0  0  0  11/19  14:53   2:15   0:00 
Mikhail Grigorenko       0  1  1   1  0   0  0  0  0  0  3/8     8:58   3:07   0:00 
Rene Bourque             0  0  0   0  0   0  0  0  0  0  0/0     0:00   0:00   0:00 
Ryan OReilly             0  1  1   1  0   5  0  0  0  0  10/20  17:58   2:15   0:00 
Travis Hamonic           0  0  0   1  0   1  0  1  0  0  0/0    20:05   0:00   2:44 
Wayne Simmonds           0  0  0   1  0   3  2  0  0  0  0/1    19:07   3:07   0:00 
Willie Mitchell          0  0  0   0  4   0  0  0  0  0  0/0    14:53   0:00   0:55 

Players Stats for Islanders

Player Name              G  A  P  +/- PIM S  H  SB GA TA FO     MP     PP MP  PK MP  
------------------------------------------------------------------------------------
Alexander Semin          0  0  0   0  0   0  0  0  0  0  0/0     9:30   0:00   0:00 
Andy Greene              0  0  0  -1  0   1  0  6  0  0  0/0    23:59   3:34   2:34 
Brandon Davidson         0  0  0  -2  4   3  2  0  0  0  0/0    13:21   2:10   0:48 
Colin Wilson             0  0  0  -3  0   0  0  1  0  0  1/4    17:59   2:09   0:00 
David Legwand            0  0  0   1  0   0  1  0  0  0  1/2     5:29   0:00   0:03 
Erik Condra              0  0  0   1  0   1  0  0  0  0  0/0     5:26   0:00   0:00 
Josh Jooris              0  0  0   0  0   1  1  0  0  0  7/12    9:30   0:00   0:00 
Josh Manson              0  0  0  -2  2   0  5  0  0  0  0/0    18:53   2:10   0:03 
Luca Sbisa               0  0  0  -1  2   2  1  2  0  0  0/0    22:12   3:33   1:46 
Marek Zidlicky           0  0  0   0  0   0  0  0  0  0  0/0     0:00   0:00   0:00 
Mark Fayne               0  1  1  -1  0   0  0  5  0  0  0/0    16:22   0:00   2:48 
Mike Angelidis           0  0  0  -2  0   0  1  0  0  0  0/1    16:45   0:00   0:23 
Nate Thompson            1  0  1   1  0   3  1  0  0  0  7/20   20:43   2:09   2:10 
Niklas Hjalmarsson       0  1  1  -1  0   0  0  0  0  0  0/0    25:09   0:00   2:45 
Pierre-Alexandr Parentea 0  0  0  -3  0   0  1  0  0  0  0/2    17:59   2:09   0:00 
Shane Doan               0  1  1  -2  0   8  3  0  0  0  1/1    23:38   3:35   1:37 
Shawn Horcoff            1  0  1  -3  0   2  1  0  0  0  8/24   21:46   3:35   3:09 
Tyler Bozak              0  1  1  -2  0   3  1  0  0  0  11/25  23:19   3:35   3:22 

3 Stars

1 - Andrei Markov (ANA)
2 - Blake Comeau (ANA)
3 - Dwight King (ANA)

Power Play

Ducks - 0 on 3 Attempt(s) - 0.00%
Islanders - 1 on 4 Attempt(s) - 25.00%

Penalty Kill

Ducks - 3 on 4 Attempt(s) - 75.00% - Score 0 goal in Penalty Kill
Islanders - 3 on 3 Attempt(s) - 100.00% - Score 0 goal in Penalty Kill

Team Stat

Ducks - Hits : 16 - Faceoff Wins : 55 - Blocked Shots : 5 - Penalty Minutes : 10
Islanders - Hits : 18 - Faceoff Wins : 36 - Blocked Shots : 14 - Penalty Minutes : 8

Official

Referees : Kendrick Nicholson and Chris Lee
Linesman : Scott Driscoll and Kiel Murchison

Game Notes

Michael Leighton enters game at 14:02 of 2nd period

Finance

Level 1 -- Attendance: 6000 (100.00%) -- Ticket Income $678,000
Level 2 -- Attendance: 4928 (98.56%) -- Ticket Income $384,384
Level 3 -- Attendance: 2000 (100.00%) -- Ticket Income $144,000
Level 4 -- Attendance: 1795 (100.00%) -- Ticket Income $91,545
Luxury Box -- Attendance: 1000 (100.00%) -- Ticket Income $176,000
Game was played at the Barclays Center.
Total Attendance: 15723 (99.54%)
Total Ticket Income: $1,473,929
Other Income: $221,089
Total Income: $1,695,018

% Time on Ice - Ducks

Lines # - Real PCT - Wanted PCT - Time Play
Normal Forward
1 - 32% - 30% - 14:44
2 - 31% - 30% - 14:25
3 - 24% - 28% - 11:20
4 - 13% - 12% - 5:51
Normal Defense
1 - 34% - 35% - 15:40
2 - 36% - 35% - 16:40
3 - 30% - 30% - 13:49
4 - 0% - 0% - 0:11
PP Forward
1 - 58% - 57% - 3:07
2 - 42% - 43% - 2:15
PP Defense
1 - 48% - 57% - 2:35
2 - 52% - 43% - 2:47
PK Forward
1 - 70% - 57% - 4:01
2 - 30% - 43% - 1:43
PK Defense
1 - 48% - 57% - 2:44
2 - 52% - 43% - 3:00
PK3 Forward
1 - 0% - 60%
2 - 0% - 40%
PK3 Defense
1 - 0% - 57%
2 - 0% - 43%
44 Forward
1 - 49% - 50% - 1:16
2 - 51% - 50% - 1:18
44 Defense
1 - 73% - 50% - 1:53
2 - 27% - 50% - 0:41
Last Minute Offensive  - 0:00
Last Minute Defensive  - 0:00
Total
Forward - 60:00
Defense - 60:00

% Time on Ice - Islanders

Lines # - Real PCT - Wanted PCT - Time Play
Normal Forward
1 - 35% - 36% - 16:22
2 - 32% - 33% - 15:02
3 - 21% - 20% - 9:30
4 - 12% - 11% - 5:26
Normal Defense
1 - 36% - 35% - 16:41
2 - 35% - 35% - 16:05
3 - 21% - 21% - 9:37
4 - 9% - 9% - 3:57
PP Forward
1 - 63% - 60% - 3:35
2 - 38% - 40% - 2:09
PP Defense
1 - 62% - 60% - 3:34
2 - 38% - 40% - 2:10
PK Forward
1 - 70% - 55% - 3:45
2 - 30% - 45% - 1:37
PK Defense
1 - 56% - 55% - 3:00
2 - 44% - 45% - 2:22
PK3 Forward
1 - 0% - 60%
2 - 0% - 40%
PK3 Defense
1 - 0% - 60%
2 - 0% - 40%
44 Forward
1 - 69% - 60% - 1:46
2 - 31% - 40% - 0:48
44 Defense
1 - 69% - 60% - 1:46
2 - 31% - 40% - 0:48
Last Minute Offensive  - 0:00
Last Minute Defensive  - 0:00
Total
Forward - 60:00
Defense - 60:00

Play by Play

1st period


0:01 of 1st period - Tyler Bozak wins face-off versus Claude Giroux in neutral zone.
1:23 of 1st period - Andy Greene is hit by Boone Jenner and loses puck.
1:44 of 1st period - Shot by Ryan OReilly.
1:44 of 1st period - Stopped by Braden Holtby without a rebound.
1:45 of 1st period - Mark Scheifele wins face-off versus Josh Jooris in Islanders zone.
1:49 of 1st period - Brandon Dubinsky is hit by Brandon Davidson and loses puck.
2:11 of 1st period - Shot by Brandon Dubinsky.
2:11 of 1st period - Shot Blocked by Mark Fayne.
2:14 of 1st period - Icing by Brandon Davidson.
2:15 of 1st period - Josh Jooris wins face-off versus Mikhail Grigorenko in Islanders zone.
2:15 of 1st period - Josh Jooris is hit by Eric Nystrom.
2:47 of 1st period - Icing by Aaron Ekblad.
2:48 of 1st period - Shawn Horcoff wins face-off versus Mikhail Grigorenko in Ducks zone.
3:08 of 1st period - Icing by Andy Greene.
3:09 of 1st period - Ryan OReilly wins face-off versus Shawn Horcoff in Islanders zone.
3:10 of 1st period - Shot by Boone Jenner.
3:10 of 1st period - Shot Blocked by Andy Greene.
3:15 of 1st period - Icing by Andy Greene.
3:16 of 1st period - Shawn Horcoff wins face-off versus Ryan OReilly in Islanders zone.
3:56 of 1st period - Icing by Willie Mitchell.
3:57 of 1st period - Ryan OReilly wins face-off versus Nate Thompson in Ducks zone.
4:18 of 1st period - Shot by Nate Thompson.
4:18 of 1st period - Goal by Nate Thompson - Ducks : 0 - Islanders : 1.
4:19 of 1st period - Mark Scheifele wins face-off versus Tyler Bozak in neutral zone.
4:53 of 1st period - Niklas Hjalmarsson is hit by Brandon Dubinsky and loses puck.
4:59 of 1st period - Off-side.
5:00 of 1st period - Claude Giroux wins face-off versus David Legwand in neutral zone.
5:10 of 1st period - Shot by Claude Giroux.
5:10 of 1st period - Deflect By Wayne Simmonds.
5:10 of 1st period - Shot Blocked by Andy Greene.
5:12 of 1st period - Shot by Claude Giroux.
5:12 of 1st period - Stopped by Braden Holtby with a rebound.
5:35 of 1st period - Shot by Claude Giroux.
5:35 of 1st period - Stopped by Braden Holtby with a rebound.
5:37 of 1st period - Shot by Antoine Roussel.
5:37 of 1st period - Stopped by Braden Holtby without a rebound.
5:38 of 1st period - Shawn Horcoff wins face-off versus Ryan OReilly in Islanders zone.
5:38 of 1st period - Brandon Davidson is hit by Dwight King and loses puck.
5:48 of 1st period - Off-side.
5:49 of 1st period - Tyler Bozak wins face-off versus Mark Scheifele in neutral zone.
6:01 of 1st period - Shot by Blake Comeau.
6:01 of 1st period - Stopped by Braden Holtby without a rebound.
6:02 of 1st period - Claude Giroux wins face-off versus Shawn Horcoff in Islanders zone.
6:04 of 1st period - Minor Penalty to Antoine Roussel for High sticking.
6:05 of 1st period - Brandon Dubinsky wins face-off versus Tyler Bozak in Ducks zone.
6:14 of 1st period - Shot by Tyler Bozak.
6:14 of 1st period - Shot Misses the Net.
6:16 of 1st period - Shot by Shawn Horcoff.
6:16 of 1st period - Shot Misses the Net.
6:24 of 1st period - Shot by Shane Doan.
6:24 of 1st period - Stopped by Semyon Varlamov with a rebound.
6:26 of 1st period - Shot by Shawn Horcoff.
6:26 of 1st period - Goal by Shawn Horcoff - Ducks : 0 - Islanders : 2.
6:27 of 1st period - Claude Giroux wins face-off versus Josh Jooris in neutral zone.
6:35 of 1st period - Niklas Hjalmarsson is hit by Wayne Simmonds and loses puck.
7:41 of 1st period - Shot by Brandon Dubinsky.
7:41 of 1st period - Shot Misses the Net.
8:27 of 1st period - Icing by Travis Hamonic.
8:28 of 1st period - Ryan OReilly wins face-off versus Shawn Horcoff in Ducks zone.
9:03 of 1st period - Shot by Boone Jenner.
9:03 of 1st period - Shot Blocked by Andy Greene.
9:21 of 1st period - Icing by Luca Sbisa.
9:22 of 1st period - Brandon Dubinsky wins face-off versus Shawn Horcoff in Islanders zone.
9:25 of 1st period - Shot by Mark Scheifele.
9:25 of 1st period - Shot Blocked by Andy Greene.
9:46 of 1st period - Josh Manson is hit by Erik Johnson and loses puck.
9:55 of 1st period - Shot by Shane Doan.
9:55 of 1st period - Stopped by Semyon Varlamov without a rebound.
9:56 of 1st period - Nate Thompson wins face-off versus Wayne Simmonds in Ducks zone.
10:09 of 1st period - Brandon Davidson is hit by Antoine Roussel.
10:21 of 1st period - Shot by Wayne Simmonds.
10:21 of 1st period - Shot Misses the Net.
10:38 of 1st period - Icing by Willie Mitchell.
10:39 of 1st period - Antoine Roussel wins face-off versus Tyler Bozak in Ducks zone.
10:39 of 1st period - Antoine Roussel is hit by Mike Angelidis.
10:45 of 1st period - Niklas Hjalmarsson is hit by Wayne Simmonds and loses puck.
11:28 of 1st period - Shot by Mikhail Grigorenko.
11:28 of 1st period - Shot Misses the Net.
11:30 of 1st period - Shot by Eric Nystrom.
11:30 of 1st period - Shot Misses the Net.
11:35 of 1st period - Blake Comeau is hit by Josh Manson and loses puck.
12:02 of 1st period - Shot by Eric Nystrom.
12:02 of 1st period - Stopped by Braden Holtby without a rebound.
12:03 of 1st period - Ryan OReilly wins face-off versus Colin Wilson in Islanders zone.
12:07 of 1st period - Icing by Andy Greene.
12:08 of 1st period - Ryan OReilly wins face-off versus Shawn Horcoff in Islanders zone.
12:13 of 1st period - Shot by Andrei Markov.
12:13 of 1st period - Stopped by Braden Holtby without a rebound.
12:14 of 1st period - Shawn Horcoff wins face-off versus Ryan OReilly in Islanders zone.
12:14 of 1st period - Shawn Horcoff is hit by Boone Jenner.
12:56 of 1st period - Shot by Erik Johnson.
12:56 of 1st period - Shot Blocked by Mark Fayne.
13:08 of 1st period - Icing by Ryan OReilly.
13:09 of 1st period - Josh Jooris wins face-off versus Boone Jenner in Ducks zone.
13:30 of 1st period - Shot by Alexander Semin.
13:30 of 1st period - Shot Misses the Net.
13:33 of 1st period - Icing by Ryan OReilly.
13:34 of 1st period - Tyler Bozak wins face-off versus Ryan OReilly in Ducks zone.
14:07 of 1st period - Shot by Tyler Bozak.
14:07 of 1st period - Stopped by Semyon Varlamov without a rebound.
14:08 of 1st period - Josh Jooris wins face-off versus Mark Scheifele in Ducks zone.
14:47 of 1st period - Shot by Brandon Dubinsky.
14:47 of 1st period - Shot Misses the Net.
14:49 of 1st period - Shot by Blake Comeau.
14:49 of 1st period - Stopped by Braden Holtby without a rebound.
14:50 of 1st period - Claude Giroux wins face-off versus Shawn Horcoff in Islanders zone.
15:07 of 1st period - Icing by Josh Manson.
15:08 of 1st period - Shawn Horcoff wins face-off versus Mikhail Grigorenko in Islanders zone.
15:08 of 1st period - Shawn Horcoff is hit by Blake Comeau.
15:14 of 1st period - Shot by Eric Nystrom.
15:14 of 1st period - Shot Misses the Net.
16:10 of 1st period - Shot by Tyler Bozak.
16:10 of 1st period - Stopped by Semyon Varlamov without a rebound.
16:11 of 1st period - Ryan OReilly wins face-off versus Nate Thompson in Ducks zone.
16:16 of 1st period - Shot by Nate Thompson.
16:16 of 1st period - Stopped by Semyon Varlamov without a rebound.
16:17 of 1st period - Claude Giroux wins face-off versus Nate Thompson in Ducks zone.
17:54 of 1st period - Claude Giroux is hit by Brandon Davidson and loses puck.
18:04 of 1st period - Minor Penalty to Brandon Davidson for Holding Stick.
18:05 of 1st period - Mark Scheifele wins face-off versus Shawn Horcoff in Islanders zone.
18:16 of 1st period - Shot by Ryan OReilly.
18:16 of 1st period - Deflect By Mark Scheifele.
18:16 of 1st period - Stopped by Braden Holtby without a rebound.
18:17 of 1st period - Mark Scheifele wins face-off versus Shawn Horcoff in Islanders zone.
18:46 of 1st period - Shot by Erik Johnson.
18:46 of 1st period - Shot Blocked by Mark Fayne.
18:48 of 1st period - Shot by Erik Johnson.
18:48 of 1st period - Stopped by Braden Holtby without a rebound.
18:49 of 1st period - Mark Scheifele wins face-off versus Nate Thompson in Islanders zone.
18:59 of 1st period - Off-side.
19:00 of 1st period - Claude Giroux wins face-off versus Nate Thompson in neutral zone.
19:24 of 1st period - Icing by Colton Parayko.
19:25 of 1st period - Claude Giroux wins face-off versus Nate Thompson in Ducks zone.
19:25 of 1st period - Claude Giroux is hit by Shane Doan.
Goals for this period are 0 for Ducks vs 2 for Islanders.
Shots for this period are 10 for Ducks vs 7 for Islanders.

2nd period


0:01 of 2nd period - Claude Giroux wins face-off versus Tyler Bozak in neutral zone.
0:08 of 2nd period - Shot by Brandon Dubinsky.
0:08 of 2nd period - Stopped by Braden Holtby without a rebound.
0:09 of 2nd period - Mark Scheifele wins face-off versus Shawn Horcoff in Islanders zone.
0:20 of 2nd period - Shot by Mark Scheifele.
0:20 of 2nd period - Deflect By Blake Comeau.
0:20 of 2nd period - Stopped by Braden Holtby with a rebound.
0:28 of 2nd period - Blake Comeau is hit by Pierre-Alexandr Parenteau and loses puck.
1:23 of 2nd period - Icing by Josh Manson.
1:24 of 2nd period - Tyler Bozak wins face-off versus Claude Giroux in Islanders zone.
1:34 of 2nd period - Shot by Claude Giroux.
1:34 of 2nd period - Goal by Claude Giroux - Ducks : 1 - Islanders : 2.
1:35 of 2nd period - Josh Jooris wins face-off versus Dwight King in neutral zone.
1:42 of 2nd period - Shot by Nate Thompson.
1:42 of 2nd period - Stopped by Semyon Varlamov without a rebound.
1:43 of 2nd period - Tyler Bozak wins face-off versus Mark Scheifele in Ducks zone.
2:06 of 2nd period - Shot by Brandon Dubinsky.
2:06 of 2nd period - Goal by Brandon Dubinsky - Ducks : 2 - Islanders : 2.
2:07 of 2nd period - Josh Jooris wins face-off versus Ryan OReilly in neutral zone.
2:26 of 2nd period - Shot by Ryan OReilly.
2:26 of 2nd period - Stopped by Braden Holtby without a rebound.
2:27 of 2nd period - Tyler Bozak wins face-off versus Mark Scheifele in Islanders zone.
3:10 of 2nd period - Icing by Andrei Markov.
3:11 of 2nd period - Mark Scheifele wins face-off versus Pierre-Alexandr Parenteau in Ducks zone.
3:53 of 2nd period - Shot by Ryan OReilly.
3:53 of 2nd period - Shot Misses the Net.
3:57 of 2nd period - Shot by Dwight King.
3:57 of 2nd period - Goal by Dwight King - Ducks : 3 - Islanders : 2.
3:58 of 2nd period - Josh Jooris wins face-off versus Claude Giroux in neutral zone.
4:07 of 2nd period - Shot by Alexander Semin.
4:07 of 2nd period - Deflect By Josh Jooris.
4:07 of 2nd period - Shot Misses the Net.
4:09 of 2nd period - Shot by Luca Sbisa.
4:09 of 2nd period - Shot Blocked by Antoine Roussel.
4:41 of 2nd period - Shot by Wayne Simmonds.
4:41 of 2nd period - Shot Blocked by Luca Sbisa.
5:05 of 2nd period - Mark Scheifele is hit by Tyler Bozak and loses puck.
5:28 of 2nd period - Shot by Blake Comeau.
5:28 of 2nd period - Shot Misses the Net.
5:35 of 2nd period - Shot by Mark Scheifele.
5:35 of 2nd period - Stopped by Braden Holtby without a rebound.
5:36 of 2nd period - Ryan OReilly wins face-off versus Shawn Horcoff in Islanders zone.
5:52 of 2nd period - Shot by Boone Jenner.
5:52 of 2nd period - Shot Misses the Net.
5:54 of 2nd period - Shot by Andrei Markov.
5:54 of 2nd period - Shot Blocked by Mark Fayne.
5:56 of 2nd period - Shot by Ryan OReilly.
5:56 of 2nd period - Stopped by Braden Holtby with a rebound.
6:06 of 2nd period - Shot by Ryan OReilly.
6:06 of 2nd period - Shot Misses the Net.
6:18 of 2nd period - Shot by Boone Jenner.
6:18 of 2nd period - Shot Blocked by Colin Wilson.
6:20 of 2nd period - Shot by Andrei Markov.
6:20 of 2nd period - Goal by Andrei Markov - Ducks : 4 - Islanders : 2.
6:21 of 2nd period - Nate Thompson wins face-off versus Mark Scheifele in neutral zone.
6:21 of 2nd period - Nate Thompson is hit by Blake Comeau.
6:29 of 2nd period - Shot by Nate Thompson.
6:29 of 2nd period - Deflect By Erik Condra.
6:29 of 2nd period - Stopped by Semyon Varlamov without a rebound.
6:30 of 2nd period - Mikhail Grigorenko wins face-off versus Tyler Bozak in Ducks zone.
6:47 of 2nd period - Shot by Shane Doan.
6:47 of 2nd period - Stopped by Semyon Varlamov without a rebound.
6:48 of 2nd period - Josh Jooris wins face-off versus Claude Giroux in Ducks zone.
7:09 of 2nd period - Alexander Semin is hit by Colton Parayko and loses puck.
7:17 of 2nd period - Minor Penalty to Willie Mitchell for Interference.
7:18 of 2nd period - Brandon Dubinsky wins face-off versus Tyler Bozak in Ducks zone.
7:39 of 2nd period - Shot by Luca Sbisa.
7:39 of 2nd period - Stopped by Semyon Varlamov without a rebound.
7:40 of 2nd period - Brandon Dubinsky wins face-off versus Nate Thompson in Ducks zone.
8:49 of 2nd period - Shot by Shane Doan.
8:49 of 2nd period - Stopped by Semyon Varlamov without a rebound.
8:50 of 2nd period - Brandon Dubinsky wins face-off versus Tyler Bozak in Ducks zone.
8:50 of 2nd period - Brandon Dubinsky is hit by Shane Doan.
9:25 of 2nd period - Off-side.
9:26 of 2nd period - Nate Thompson wins face-off versus Ryan OReilly in neutral zone.
9:38 of 2nd period - Shot by Dwight King.
9:38 of 2nd period - Shot Blocked by Mark Fayne.
9:44 of 2nd period - Niklas Hjalmarsson is hit by Boone Jenner and loses puck.
10:35 of 2nd period - Off-side.
10:36 of 2nd period - Shawn Horcoff wins face-off versus Claude Giroux in neutral zone.
10:42 of 2nd period - Minor Penalty to Erik Johnson for Hooking.
10:43 of 2nd period - Tyler Bozak wins face-off versus Brandon Dubinsky in Ducks zone.
11:02 of 2nd period - Shot by Tyler Bozak.
11:02 of 2nd period - Stopped by Semyon Varlamov without a rebound.
11:03 of 2nd period - Brandon Dubinsky wins face-off versus Nate Thompson in Ducks zone.
12:30 of 2nd period - Shot by Brandon Davidson.
12:30 of 2nd period - Stopped by Semyon Varlamov without a rebound.
12:31 of 2nd period - Nate Thompson wins face-off versus Blake Comeau in Ducks zone.
12:44 of 2nd period - Shot by Nate Thompson.
12:44 of 2nd period - Deflect By Shane Doan.
12:44 of 2nd period - Stopped by Semyon Varlamov with a rebound.
13:42 of 2nd period - Icing by Mark Fayne.
13:43 of 2nd period - Tyler Bozak wins face-off versus Mikhail Grigorenko in Islanders zone.
14:02 of 2nd period - Shot by Blake Comeau.
14:02 of 2nd period - Goal by Blake Comeau - Ducks : 5 - Islanders : 2.
14:02 of 2nd period - Michael Leighton enters game.
14:03 of 2nd period - Claude Giroux wins face-off versus Nate Thompson in neutral zone.
15:23 of 2nd period - Shot by Shawn Horcoff.
15:23 of 2nd period - Stopped by Semyon Varlamov without a rebound.
15:24 of 2nd period - Ryan OReilly wins face-off versus Josh Jooris in Ducks zone.
15:24 of 2nd period - Ryan OReilly is hit by Nate Thompson.
15:34 of 2nd period - Shot by Boone Jenner.
15:34 of 2nd period - Deflect By Ryan OReilly.
15:34 of 2nd period - Shot Misses the Net.
15:36 of 2nd period - Shot by Travis Hamonic.
15:36 of 2nd period - Shot Misses the Net.
15:38 of 2nd period - Shot by Ryan OReilly.
15:38 of 2nd period - Shot Misses the Net.
15:40 of 2nd period - Shot by Ryan OReilly.
15:40 of 2nd period - Stopped by Michael Leighton with a rebound.
15:52 of 2nd period - Shot by Ryan OReilly.
15:52 of 2nd period - Shot Misses the Net.
15:54 of 2nd period - Shot by Dwight King.
15:54 of 2nd period - Shot Misses the Net.
15:56 of 2nd period - Shot by Travis Hamonic.
15:56 of 2nd period - Stopped by Michael Leighton without a rebound.
15:57 of 2nd period - Shawn Horcoff wins face-off versus Mark Scheifele in Islanders zone.
15:57 of 2nd period - Shawn Horcoff is hit by Blake Comeau.
16:09 of 2nd period - Brandon Dubinsky is hit by Josh Manson and loses puck.
16:23 of 2nd period - Mark Scheifele is hit by Josh Manson and loses puck.
16:31 of 2nd period - Minor Penalty to Josh Manson for Hooking.
16:31 of 2nd period - Minor Penalty to Brandon Dubinsky for Holding.
16:32 of 2nd period - Claude Giroux wins face-off versus Nate Thompson in Islanders zone.
17:06 of 2nd period - Shot by Claude Giroux.
17:06 of 2nd period - Shot Misses the Net.
17:12 of 2nd period - Shot by Aaron Ekblad.
17:12 of 2nd period - Stopped by Michael Leighton without a rebound.
17:13 of 2nd period - Mark Scheifele wins face-off versus Colin Wilson in Islanders zone.
17:14 of 2nd period - Shot by Ryan OReilly.
17:14 of 2nd period - Stopped by Michael Leighton without a rebound.
17:15 of 2nd period - Mark Scheifele wins face-off versus Colin Wilson in Islanders zone.
17:38 of 2nd period - Shot by Ryan OReilly.
17:38 of 2nd period - Shot Misses the Net.
18:30 of 2nd period - Shot by Shane Doan.
18:30 of 2nd period - Shot Misses the Net.
18:54 of 2nd period - Shot by Wayne Simmonds.
18:54 of 2nd period - Shot Misses the Net.
18:56 of 2nd period - Shot by Aaron Ekblad.
18:56 of 2nd period - Stopped by Michael Leighton without a rebound.
18:57 of 2nd period - Mikhail Grigorenko wins face-off versus Shawn Horcoff in Islanders zone.
19:10 of 2nd period - Shot by Luca Sbisa.
19:10 of 2nd period - Stopped by Semyon Varlamov without a rebound.
19:11 of 2nd period - Claude Giroux wins face-off versus Tyler Bozak in Ducks zone.
Goals for this period are 5 for Ducks vs 0 for Islanders.
Shots for this period are 15 for Ducks vs 10 for Islanders.

3rd period


0:01 of 3rd period - Mark Scheifele wins face-off versus Shawn Horcoff in neutral zone.
0:19 of 3rd period - Icing by Andrei Markov.
0:20 of 3rd period - Tyler Bozak wins face-off versus Mark Scheifele in Ducks zone.
0:23 of 3rd period - Shot by Shane Doan.
0:23 of 3rd period - Stopped by Semyon Varlamov without a rebound.
0:24 of 3rd period - Colin Wilson wins face-off versus Ryan OReilly in Ducks zone.
0:29 of 3rd period - Shot by Pierre-Alexandr Parenteau.
0:29 of 3rd period - Shot Blocked by Aaron Ekblad.
0:36 of 3rd period - Icing by Aaron Ekblad.
0:37 of 3rd period - Boone Jenner wins face-off versus Tyler Bozak in Ducks zone.
0:53 of 3rd period - Boone Jenner is hit by Luca Sbisa and loses puck.
1:08 of 3rd period - Shot by Ryan OReilly.
1:08 of 3rd period - Shot Misses the Net.
1:12 of 3rd period - Shot by Boone Jenner.
1:12 of 3rd period - Stopped by Michael Leighton with a rebound.
1:42 of 3rd period - Shot by Blake Comeau.
1:42 of 3rd period - Deflect By Brandon Dubinsky.
1:42 of 3rd period - Shot Misses the Net.
2:29 of 3rd period - Shot by Wayne Simmonds.
2:29 of 3rd period - Stopped by Michael Leighton without a rebound.
2:30 of 3rd period - Claude Giroux wins face-off versus Josh Jooris in Islanders zone.
2:52 of 3rd period - Shot by Wayne Simmonds.
2:52 of 3rd period - Stopped by Michael Leighton without a rebound.
2:53 of 3rd period - Tyler Bozak wins face-off versus Ryan OReilly in Islanders zone.
3:30 of 3rd period - Shot by Shane Doan.
3:30 of 3rd period - Shot Blocked by Travis Hamonic.
3:32 of 3rd period - Shot by Andy Greene.
3:32 of 3rd period - Stopped by Semyon Varlamov without a rebound.
3:33 of 3rd period - Mark Scheifele wins face-off versus Josh Jooris in Ducks zone.
3:38 of 3rd period - Mark Fayne is hit by Blake Comeau and loses puck.
3:56 of 3rd period - Off-side.
3:57 of 3rd period - Antoine Roussel wins face-off versus Pierre-Alexandr Parenteau in neutral zone.
3:57 of 3rd period - Antoine Roussel is hit by Shawn Horcoff.
4:26 of 3rd period - Minor Penalty to Willie Mitchell for Goalie Interference.
4:27 of 3rd period - Brandon Dubinsky wins face-off versus Tyler Bozak in Ducks zone.
4:37 of 3rd period - Icing by Luca Sbisa.
4:38 of 3rd period - Brandon Dubinsky wins face-off versus Tyler Bozak in Islanders zone.
5:02 of 3rd period - Off-side.
5:03 of 3rd period - Nate Thompson wins face-off versus Blake Comeau in neutral zone.
5:06 of 3rd period - Shot by Brandon Davidson.
5:06 of 3rd period - Stopped by Semyon Varlamov with a rebound.
5:18 of 3rd period - Shot by Brandon Davidson.
5:18 of 3rd period - Stopped by Semyon Varlamov without a rebound.
5:19 of 3rd period - Brandon Dubinsky wins face-off versus Tyler Bozak in Ducks zone.
5:19 of 3rd period - Brandon Dubinsky is hit by Shane Doan.
5:50 of 3rd period - Minor Penalty to Luca Sbisa for Tripping.
5:51 of 3rd period - Claude Giroux wins face-off versus Nate Thompson in Islanders zone.
6:08 of 3rd period - Shot by Shane Doan.
6:08 of 3rd period - Stopped by Semyon Varlamov with a rebound.
6:50 of 3rd period - Shot by Aaron Ekblad.
6:50 of 3rd period - Stopped by Michael Leighton without a rebound.
6:51 of 3rd period - Mikhail Grigorenko wins face-off versus Nate Thompson in Islanders zone.
7:58 of 3rd period - Travis Hamonic is hit by Josh Jooris and loses puck.
8:05 of 3rd period - Shot by Josh Jooris.
8:05 of 3rd period - Shot Blocked by Blake Comeau.
8:07 of 3rd period - Shot by Shane Doan.
8:07 of 3rd period - Stopped by Semyon Varlamov without a rebound.
8:08 of 3rd period - Ryan OReilly wins face-off versus Nate Thompson in Ducks zone.
8:08 of 3rd period - Ryan OReilly is hit by David Legwand.
9:20 of 3rd period - Off-side.
9:21 of 3rd period - Claude Giroux wins face-off versus Shawn Horcoff in neutral zone.
9:24 of 3rd period - Shot by Antoine Roussel.
9:24 of 3rd period - Deflect By Claude Giroux.
9:24 of 3rd period - Shot Misses the Net.
9:26 of 3rd period - Shot by Claude Giroux.
9:26 of 3rd period - Shot Misses the Net.
9:29 of 3rd period - Minor Penalty to Brandon Davidson for Hooking.
9:30 of 3rd period - Shawn Horcoff wins face-off versus Claude Giroux in Islanders zone.
10:10 of 3rd period - Icing by Claude Giroux.
10:11 of 3rd period - Claude Giroux wins face-off versus Shawn Horcoff in Ducks zone.
10:19 of 3rd period - Icing by Erik Johnson.
10:20 of 3rd period - Claude Giroux wins face-off versus Shawn Horcoff in Ducks zone.
10:29 of 3rd period - Shot by Andrei Markov.
10:29 of 3rd period - Shot Blocked by Andy Greene.
10:31 of 3rd period - Shot by Claude Giroux.
10:31 of 3rd period - Stopped by Michael Leighton without a rebound.
10:32 of 3rd period - Nate Thompson wins face-off versus Mark Scheifele in Islanders zone.
10:32 of 3rd period - Nate Thompson is hit by Boone Jenner.
11:47 of 3rd period - Shot by Luca Sbisa.
11:47 of 3rd period - Shot Blocked by Andrei Markov.
12:34 of 3rd period - Shot by Wayne Simmonds.
12:34 of 3rd period - Stopped by Michael Leighton without a rebound.
12:35 of 3rd period - Ryan OReilly wins face-off versus Mike Angelidis in Islanders zone.
12:54 of 3rd period - Shot by Tyler Bozak.
12:54 of 3rd period - Shot Misses the Net.
13:53 of 3rd period - Shot by Brandon Dubinsky.
13:53 of 3rd period - Shot Misses the Net.
13:55 of 3rd period - Shot by Blake Comeau.
13:55 of 3rd period - Shot Misses the Net.
15:40 of 3rd period - Shot by Blake Comeau.
15:40 of 3rd period - Shot Blocked by Luca Sbisa.
15:42 of 3rd period - Shot by Blake Comeau.
15:42 of 3rd period - Shot Misses the Net.
16:27 of 3rd period - Icing by Andy Greene.
16:28 of 3rd period - Claude Giroux wins face-off versus Shawn Horcoff in Islanders zone.
16:35 of 3rd period - Shot by Claude Giroux.
16:35 of 3rd period - Shot Blocked by Andy Greene.
16:37 of 3rd period - Shot by Wayne Simmonds.
16:37 of 3rd period - Deflect By Claude Giroux.
16:37 of 3rd period - Stopped by Michael Leighton without a rebound.
16:38 of 3rd period - Tyler Bozak wins face-off versus Ryan OReilly in Islanders zone.
16:46 of 3rd period - Icing by Tyler Bozak.
16:47 of 3rd period - Claude Giroux wins face-off versus Tyler Bozak in Islanders zone.
16:47 of 3rd period - Erik Johnson is hit by Josh Manson and loses puck.
18:07 of 3rd period - Shot by Josh Jooris.
18:07 of 3rd period - Stopped by Semyon Varlamov without a rebound.
18:08 of 3rd period - David Legwand wins face-off versus Ryan OReilly in Ducks zone.
18:23 of 3rd period - Icing by Brandon Davidson.
18:24 of 3rd period - Nate Thompson wins face-off versus Eric Nystrom in Islanders zone.
18:31 of 3rd period - Shot by David Legwand.
18:31 of 3rd period - Shot Misses the Net.
18:40 of 3rd period - Icing by Andrei Markov.
18:41 of 3rd period - Shane Doan wins face-off versus Mikhail Grigorenko in Ducks zone.
19:23 of 3rd period - Icing by Shane Doan.
19:24 of 3rd period - Claude Giroux wins face-off versus Tyler Bozak in Islanders zone.
19:36 of 3rd period - Claude Giroux is hit by Josh Manson and loses puck.
Goals for this period are 0 for Ducks vs 0 for Islanders.
Shots for this period are 7 for Ducks vs 7 for Islanders.